 Dungeon Crawl Stone Soup version 0.28-a0-851-g8b9cc49659 (webtiles) character file.

Game seed: 6129353388823758189

1122 Crownlay the Magician (level 8, -6/57 HPs)
             Began as a White Draconian Conjurer on Nov 14, 2021.
             Mangled by a gnoll sergeant (8 damage)
             ... on level 6 of the Dungeon.
             The game lasted 00:08:55 (5097 turns).

Crownlay the Magician (White Draconian Conjurer)    Turns: 5097, Time: 00:08:55

Health: -6/57      AC:  7    Str: 10    XL:     8   Next: 12%
Magic:  5/18       EV: 12    Int: 20    God:
Gold:   104        SH:  4    Dex: 10    Spells: 17/20 levels left

rFire   + . .      SeeInvis .   B - +0 hand axe (vorpal)
rCold   + . .      Faith    .   j - +0 buckler
rNeg    . . .      Spirit   .   (armour unavailable)
rPois   +          Reflect  .   (helmet restricted)
rElec   .          Harm     .   (no cloak)
rCorr   .          Rampage  .   (no gloves)
Will    +....                   A - +0 pair of boots
Stlth   ++........              (no amulet)
HPRegen 0.19/turn               v - ring of wizardry
MPRegen 0.16/turn               x - ring "Geurineth" {rPois rF+ Will+}

@: short of breath
A: breathe frost, AC +6, unfitting armour, cold resistance 1, cold-blooded
a: Breathe Frost


You were on level 6 of the Dungeon.
You visited 1 branch of the dungeon, and saw 6 of its levels.

You collected 194 gold pieces.
You spent 90 gold pieces at shops.

Inventory:

Hand Weapons
 B - a +0 vorpal hand axe (weapon)
Armour
 j - a +0 buckler (worn)
 A - a +0 pair of boots (worn)
Jewellery
 g - a +6 ring of strength
 r - a ring of protection from cold
 v - a ring of wizardry (left hand)
 x - the ring "Geurineth" (right hand) {rPois rF+ Will+}
   (You found it on level 4 of the Dungeon)

   [ring of protection from fire]

   rF:        It protects you from fire.
   rPois:     It protects you from poison.
   Will:      It increases your willpower.
Wands
 u - a wand of iceblast (9)
 z - a wand of acid (5)
Scrolls
 a - 3 scrolls of fear
 b - 2 scrolls of blinking
 e - a scroll of identify
 f - 3 scrolls of amnesia
 k - a scroll of immolation {unknown}
 l - a scroll of enchant weapon
 m - a scroll of vulnerability {unknown}
 o - a scroll of magic mapping {unknown}
 q - 2 scrolls of brand weapon
 s - a scroll of teleportation {unknown}
 y - a scroll of noise {unknown}
Potions
 c - a potion of flight {unknown}
 d - a potion of haste {unknown}
 h - 3 potions of mutation
 i - a potion of invisibility {unknown}
 n - a potion of berserk rage {unknown}
 p - a potion of might
 t - a potion of ambrosia {unknown}


   Skills:
 - Level 1.7 Dodging
 - Level 1.7 Stealth
 - Level 4.0 Shields
 * Level 6.7 Spellcasting
 + Level 6.3 Conjurations


You had 17 spell levels left.
You knew the following spells:

 Your Spells              Type           Power      Damage    Failure   Level
a - Magic Dart            Conj           100%       1d8       1%          1
b - Searing Ray           Conj           64%        2d6       1%          2

Your spell library contained the following spells:

 Spells                   Type           Power      Damage    Failure   Level
 Dazzling Flash           Conj/Hex       38%        N/A       3%          3
 Stone Arrow              Conj/Erth      38%        3d9       3%          3
 Sandblast                Erth           12%        2d6       4%          1
 Passwall                 Tmut/Erth      5%         N/A       6%          2
 Fulminant Prism          Conj/Hex       9%         3d7       11%         4
 Iskenderun's Mystic Bla  Conj/Tloc      19%        2d6       11%         4


Dungeon Overview and Level Annotations

Branches:
Dungeon (5/15)
 Temple: D:4-7

Altars:
Hepliaklqana
Makhleb
Okawaru
Wu Jian
Yredelemnul

Shops:
D:1 *

Annotations:
D:6 3 runed translucent doors


Innate Abilities, Weirdness & Mutations

You can breathe waves of freezing cold which knock back foes.
Your icy white scales are hard. (AC +6)
You cannot fit into any form of body armour.
Your flesh is cold resistant. (rC+)
You are cold-blooded and may be slowed by cold attacks.


Message History

The gnoll is heavily wounded.
You finish channelling your searing ray.
The gnoll sergeant hits you from afar with a +1 spear of venom.
* * * LOW HITPOINT WARNING * * *
The gnoll sergeant misses you.
Press: ? - help, Shift-Dir - straight line, f - gnoll sergeant
Aim: a gnoll sergeant, wielding a +1 spear of venom and wearing a +0 scale mail (moderately wounded)
You fail to use your ability.
The gnoll sergeant hits you from afar with a +1 spear of venom!
* * * LOW HITPOINT WARNING * * *
You are lethally poisoned!
* * * LOW HITPOINT WARNING * * *
You feel very sick.
* * * LOW HITPOINT WARNING * * *
You feel very sick.
* * * LOW HITPOINT WARNING * * *
You feel sick.
It was a potion of curing.
You feel better.
The gnoll sergeant hits you from afar with a +1 spear of venom!
* * * LOW HITPOINT WARNING * * *
Press: ? - help, Shift-Dir - straight line, f/p - gnoll sergeant
Aim: a gnoll sergeant, wielding a +1 spear of venom and wearing a +0 scale mail (lightly wounded)
You exhale a wave of freezing cold.
The freezing breath misses the gnoll sergeant.
The freezing breath hits the gnoll.
The gnoll is moderately wounded.
The gnoll is blown backwards by the freezing wind.
The gnoll sergeant hits you from afar with a +1 spear of venom!
* * * LOW HITPOINT WARNING * * *
Casting: Searing Ray (safe; 1% risk of failure)
Confirm with . or Enter, or press ? or * to list all spells.
Aiming: Searing Ray (safe; 1% risk of failure)
Press: ? - help, Shift-Dir - straight line, f - gnoll, p - gnoll sergeant
Aim: a gnoll, wielding a +0 whip (83% to hit)
The searing ray hits the gnoll.
The gnoll is heavily wounded. (Press . to maintain the ray.)
You hear a shout!
The gnoll sergeant hits you from afar with a +1 spear of venom!
You die...

########### #.g...g...#
#.#######.# #@# #.# ##
########g#######.# ####.
#............g..g####....
#.#....g................#
#.#..)...####..#.####..##
#g#..##### #..#..#...##y
#g#..# #.......###yy
#†#..# #....####yy.
#.#..# ..####)+.yy.


You could see a gnoll sergeant and 2 gnolls.

Vanquished Creatures
  A water moccasin (D:5)
  2 black bears
  2 necrophages
  A phantom (D:6)
  A kobold brigand (D:6)
  A water moccasin zombie (D:4)
  A wyvern skeleton (D:6)
  2 bullfrog skeletons
  2 hounds (D:6)
  A centaur skeleton (D:4)
  3 iguanas
  3 orc wizards
  A howler monkey zombie (D:6)
  3 adders
  An adder zombie (D:4)
  2 worms (D:3)
  9 orcs
  2 ball pythons
  7 endoplasms
  4 giant cockroaches
  7 goblins
  3 hobgoblins
  2 quokkas (D:2)
  5 bats
  4 frilled lizards
  4 kobolds
  3 rats
77 creatures vanquished.

Notes
Turn   | Place    | Note
-------+----------+-------------------------------------------
     0 | D:1      | Crownlay the Draconian Conjurer began the quest for the
                  | Orb.
     0 | D:1      | Reached XP level 1. HP: 14/14 MP: 3/3
   452 | D:1      | Found Siad's Assorted Antiques.
   471 | D:1      | Bought a scroll labelled YLAUNE CEYMPUU for 18 gold pieces
   471 | D:1      | Bought a scroll labelled FIOSEL VIXITA for 18 gold pieces
   471 | D:1      | Bought a scroll labelled LAWNENULUAS for 18 gold pieces
   471 | D:1      | Bought a scroll labelled YLAUNE CEYMPUU for 18 gold pieces
   496 | D:1      | Reached XP level 2. HP: 20/20 MP: 1/5
   511 | D:1      | Bought a scroll labelled YLAUNE CEYMPUU for 18 gold pieces
   565 | D:1      | Learned a level 2 spell: Searing Ray
  1235 | D:2      | Found a burning altar of Makhleb.
  1706 | D:2      | Reached XP level 3. HP: 26/26 MP: 4/7
  1797 | D:2      | Found a faded altar of an unknown god.
  3097 | D:4      | Reached XP level 4. HP: 22/33 MP: 1/9
  3269 | D:4      | Found an iron altar of Okawaru.
  3311 | D:4      | Identified the ring "Geurineth" {rPois rF+ Will+}
  3339 | D:4      | Found an ornate altar of the Wu Jian Council.
  3663 | D:4      | Noticed a black bear
  3675 | D:4      | Killed a black bear
  3676 | D:4      | Reached skill level 5 in Conjurations
  3676 | D:4      | Reached XP level 5. HP: 9/38 MP: 1/11
  3930 | D:4      | Reached XP level 6. HP: 36/45 MP: 6/13
  4120 | D:4      | Reached skill level 5 in Spellcasting
  4213 | D:4      | Found a basalt altar of Yredelemnul.
  4408 | D:4      | Found a hazy altar of Hepliaklqana.
  4442 | D:5      | Entered Level 5 of the Dungeon
  4455 | D:5      | Reached skill level 1 in Shields
  4497 | D:5      | Noticed a water moccasin
  4539 | D:5      | Killed a water moccasin
  4540 | D:5      | Your scales start taking on an icy white colour.
  4540 | D:5      | Reached XP level 7. HP: 14/50 MP: 1/14
  4540 | D:5      | Gained mutation: Your flesh is cold resistant. (rC+) [White
                  | Draconian growth]
  4609 | D:5      | You fall into a shaft and drop 1 floor!
  4642 | D:6      | Found a runed translucent gate.
  4650 | D:6      | Found a runed translucent door.
  4651 | D:6      | Found a runed translucent gate.
  4651 | D:6      | Noticed a redback
  4651 | D:6      | Noticed a redback
  4652 | D:6      | Noticed a redback
  4660 | D:6      | Found the +9 staff of Olgreb {rPois∞}
  4827 | D:6      | HP: 1/50 [phantom (7)]
  4997 | D:6      | Reached XP level 8. HP: 26/57 MP: 1/17
  5093 | D:6      | HP: 2/57 [gnoll sergeant (9)]
  5097 | D:6      | Mangled by a gnoll sergeant

Illustrated notes

Levels and vault maps discovered:
D:1:      nicolae_arrival_somewhat_less_tricky_arrival, layout_basic,
          serial_shops, shop_coins
D:2:      layout_rooms, hellmonk_ecumenical_altar_crossroads, basic_altar
D:3:      layout_loops_corners, serial_bayou, serial_bayou_ford_a,
          serial_bayou_pond_c, serial_bayou_shore_b, serial_bayou_pond_e
D:4:      layout_rooms, mainiacjoe_overflow_boulevard,
          lemuel_zombie_altar_yredelemnul, mainiacjoe_overflow_surrounded_room,
          nicolae_hepliaklqana_hippocampus, serial_glass, glass_columns_b,
          glass_columns_a, glass_columns_b, glass_columns_c, glass_columns_a,
          glass_columns_b, glass_columns_a, glass_columns_c
D:5:      layout_basic, minmay_temple_entry_water_ring, enter_ossuary_4,
          uniq_sigmund
D:6:      layout_basic, grunt_dithmenos_smoke_and_mirrors, serial_shops,
          shop_coins, minmay_guarded_unrand_staff_of_olgreb

Skill      XL: |  1  2  3  4  5  6  7 |
---------------+----------------------+-----
Spellcasting   | 3 4 5 6 |  6.7
Conjurations   | 5 6 |  6.3
Shields        | 3 4 |  4.0
Dodging        | |  1.7
Stealth        | |  1.7

Action                   |  1- 3 |  4- 6 |  7- 9 || total
-------------------------+-------+-------+-------++-------
Melee: Unarmed           |    30 |       |       ||    30
       Tailslap          |     1 |       |     1 ||     2
       Club              |     7 |       |       ||     7
       Hand axe          |       |     8 |    12 ||    20
 Cast: Magic Dart        |    84 |    36 |     3 ||   123
       Searing Ray       |     1 |    14 |    16 ||    31
 Abil: Breathe Frost     |       |       |     3 ||     3
  Use: Scroll            |     4 |     2 |     1 ||     7
       Potion            |       |       |     2 ||     2
Armor: Skin              |    16 |    25 |     8 ||    49
Dodge: Dodged            |    36 |    31 |    26 ||    93
Block: Buckler           |       |       |     4 ||     4

Table legend: (Time is in decaauts)
 A = Elapsed time spent in this place.
 B = Non-inter-level travel time spent in this place.
 C = Inter-level travel time spent in this place.
 D = Time resting spent in this place.
 E = Time spent auto-exploring this place.
 F = Levels seen in this place.
 G = Mean time per level.
                   A        B        C        D        E       F      G
               +--------+--------+--------+--------+--------+-----+--------+
         Total |   5123 |   5044 |     79 |     73 |   3983 |   6 |  853.8 |
       Dungeon |   5123 |   5044 |     79 |     73 |   3983 |   6 |  853.8 |
               +--------+--------+--------+--------+--------+-----+--------+

Top non-repeatable levels by time:
     D:4: 1376 daAuts
     D:1: 1199 daAuts
     D:3: 1168 daAuts
     D:2: 718 daAuts
     D:6: 491 daAuts
     D:5: 169 daAuts
